 Dungeon Crawl Stone Soup version 0.29.1-1-gd02db6906a (webtiles) character file.

Game seed: 13543106347472591503

9671 KamiKatze the Thaumaturge (level 11, -3/64 HPs)
             Began as an Octopode Conjurer on Sept 26, 2022.
             Was a Believer of Vehumet.
             Shot with an arrow by a centaur warrior (24 damage)
             ... on level 9 of the Dungeon.
             The game lasted 00:40:49 (9634 turns).

KamiKatze the Thaumaturge (Octopode Conjurer)       Turns: 9634, Time: 00:40:51

Health: -3/64      AC:  1    Str:  6    XL:     11   Next: 50%
Magic:  10/25      EV: 15    Int: 25    God:    Vehumet [**....]
Gold:   481        SH:  0    Dex: 17    Spells: 14/30 levels left

rFire   . . .      SeeInvis +   J - +7 falchion "Wykixokk" {pain, Will+ SInv}
rCold   . . .      Faith    .   (no shield)
rNeg    . . .      Spirit   .   (helmet restricted)
rPois   +          Reflect  .   E - amulet of regeneration
rElec   .          Harm     .   g - ring of poison resistance
rCorr   .          Rampage  .   j - ring of flight
Will    +....                   o - ring of wizardry
Stlth   ++++......              r - +6 ring of dexterity
HPRegen 1.00/turn               (no ring)
MPRegen 0.19/turn               (no ring)
                                (no ring)
                                (no ring)

@: flying
A: almost no armour, amphibious, 8 rings, camouflage 1, gelatinous body 1,
(nimble swimmer 1), tentacles
a: Renounce Religion


You were on level 9 of the Dungeon.
You worshipped Vehumet.
Vehumet was pleased with you.
You visited 2 branches of the dungeon, and saw 10 of its levels.
You also visited: Bailey.

You collected 550 gold pieces.
You spent 69 gold pieces at shops.

Inventory:

Hand Weapons
 b - a +1 trident
 t - a +2 dagger of venom
 J - the +7 falchion "Wykixokk" (weapon) {pain, Will+ SInv}
   (You found it on level 7 of the Dungeon)

   In the hands of one skilled in necromantic magic, it inflicts extra damage on
   living creatures.
   SInv:      It lets you see invisible.
   Will:      It increases your willpower.
Missiles
 v - 3 poisoned darts
 y - 4 atropa-tipped darts
 A - 4 curare-tipped darts (quivered)
Jewellery
 g - a ring of poison resistance (left tentacle)
 j - a ring of flight (right tentacle)
 o - a ring of wizardry (on tentacle)
 p - a ring of fire
 r - a +6 ring of dexterity (on tentacle)
 E - an amulet of regeneration (around mantle)
 I - the ring "Mour" {rPois rN+ Slay-4 SInv Stlth+}
   (You found it on level 9 of the Dungeon)

   [ring of see invisible]

   Slay:      It affects your accuracy & damage with ranged weapons and melee
   (-4).
   rPois:     It protects you from poison.
   rN:        It protects you from negative energy.
   SInv:      It lets you see invisible.
   Stlth:     It makes you more stealthy.
Wands
 s - a wand of paralysis (18)
 w - a wand of polymorph (8)
 B - a wand of flame (27)
 K - a wand of digging (3)
Scrolls
 c - 7 scrolls of enchant weapon
 e - 3 scrolls of magic mapping
 f - 4 scrolls of teleportation
 h - 4 scrolls of immolation
 l - 4 scrolls of fear
 G - 2 scrolls of summoning
 H - 2 scrolls of enchant armour
Potions
 a - a potion of invisibility {unknown}
 d - 3 potions of resistance
 i - 2 potions of ambrosia
 k - a potion of might {unknown}
 m - 6 potions of curing
 n - 3 potions of haste
 q - a potion of attraction {unknown}
 u - 4 potions of brilliance
 x - a potion of cancellation {unknown}
 z - 3 potions of heal wounds
 C - 2 potions of lignification
 D - 2 potions of mutation {unknown}
 F - 3 potions of magic


   Skills:
 + Level 2.3 Fighting
 + Level 3.9 Dodging
 + Level 5.3 Stealth
 * Level 10.0 Spellcasting
 + Level 8.5 Conjurations
 + Level 7.3 Hexes
 + Level 7.3 Translocations
 + Level 8.7 Fire Magic


You had 14 spell levels left.
You knew the following spells:

 Your Spells              Type           Power      Damage    Failure   Level
a - Magic Dart            Conj           100%       1d8       1%          1
b - Searing Ray           Conj           100%       2d8       1%          2
c - Fulminant Prism       Conj/Hex       25%        3d14      1%          4
d - Iskenderun's Mystic   Conj/Tloc      51%        2d11      1%          4
e - Fireball              Conj/Fire      27%        3d12      1%          5

Your spell library contained the following spells:

 Spells                   Type           Power      Damage    Failure   Level
 Ignite Poison            Fire/Tmut/Pois 27%        N/A       1%          3
 Shock                    Conj/Air       100%       1d9       1%          1
 Blink                    Tloc           98%        N/A       1%          2
 Confusing Touch          Hex            49%        N/A       1%          3
 Dazzling Flash           Conj/Hex       100%       N/A       1%          3
 Lesser Beckoning         Tloc           49%        N/A       1%          3
 Manifold Assault         Tloc           49%        N/A       2%          5
 Poisonous Vapours        Pois/Air       24%        N/A       3%          2
 Starburst                Conj/Fire      27%        6d9       9%          6
 Yara's Violent Unravell  Hex/Tmut       15%        3d8       12%         5
 Enfeeble                 Hex            24%        N/A       58%         7
 Eringya's Noxious Bog    Tmut/Pois      6%         N/A       95%         6
 Ignition                 Fire           27%        3d9       97%         8


Dungeon Overview and Level Annotations

Branches:
Dungeon (9/15)             Temple (1/1) D:5            Lair (0/5) D:9
 Bailey (visited)
    Orc: D:9-12

Altars:
Ashenzari
Cheibriados
Dithmenos
Elyvilon
Fedhas
Gozag
Hepliaklqana
Kikubaaqudgha
Makhleb
Nemelex Xobeh
Okawaru
Qazlal
Ru
Sif Muna
Trog
Uskayaw
Vehumet
Wu Jian
Xom
Yredelemnul
Zin
The Shining One

Shops:
D:3 *   D:7 :


Innate Abilities, Weirdness & Mutations

You cannot wear most types of armour.
You are amphibious.
You can wear up to eight rings at the same time.
Your skin changes colour to match your surroundings (Stealth+).
Your rubbery body absorbs attacks. (AC +1, EV +1)
((You are camouflaged when in or above water. (Stealth+)))
You have tentacles for arms and can constrict up to eight enemies at once.


Message History

Press: ? - help, Shift-Dir - straight line, f - killer bee
Aim: a killer bee (severely wounded, 65% to hit)
The searing ray hits the killer bee!
You kill the killer bee!
Vehumet accepts your kill. (Press . to maintain the ray.)
There is a stone staircase leading up here.
You start resting.
Magic restored.
A centaur warrior comes into view.
It is wearing the ring "Vodog" {rElec rC+ Will+ Slay+2 Stlth+}.
Unknown command.
Casting: Searing Ray (safe; 1% risk of failure)
Confirm with . or Enter, or press ? or * to list all spells.
Aiming: Fireball (dangerous; 1% risk of failure)
Press: ? - help, Shift-Dir - straight line The fireball explodes!
The fireball engulfs the centaur warrior!
The centaur warrior is moderately wounded.
The centaur warrior shouts!
The centaur warrior wields a +0 shortbow.
The centaur warrior shoots an arrow.
The arrow hits you!!
Casting: Fireball (dangerous; 1% risk of failure)
Confirm with . or Enter, or press ? or * to list all spells.
Aiming: Fireball (dangerous; 1% risk of failure)
Press: ? - help, Shift-Dir - straight line The fireball explodes!
The fireball engulfs the centaur warrior!
The centaur warrior is heavily wounded.
The centaur warrior shoots an arrow.
The arrow completely misses you.
The centaur warrior shoots an arrow.
The arrow hits you!!
* * * LOW HITPOINT WARNING * * *
Casting: Fireball (dangerous; 1% risk of failure)
Confirm with . or Enter, or press ? or * to list all spells.
Aiming: Fireball (dangerous; 1% risk of failure)
Press: ? - help, Shift-Dir - straight line The fireball explodes!
The fireball engulfs the centaur warrior!!
The centaur warrior is almost dead.
The centaur warrior shoots an arrow.
The arrow hits you!!
You die...

...............................##
..#######...##.#........>........
..#............c.....P......P..#.
..##.####...##..###........P..#..
.###.##.........# ##.........####
## #.##.#....#..######.....######
####.##.#....#..#......#...#.....
.............#..#.####.###.....#.
####.##.#.#..#..@..........>...#.
# #.........#.##.####.........#.
#######.#.#..#.##<.............#.
..........#..#.##.#####..........
#.#####.#.#..#.##................
#.# #.#.#..#.##.#####.#####.†##
#.#####.#.#..#.#...<.............
....................(######.##.##
#.###.###.#..#.##.##.####........


You could see a centaur warrior.

Vanquished Creatures
  A two-headed ogre (D:9)
  An orc knight (Bailey)
  A cyclops (D:9)
  An elephant (D:9)
  A wyvern (D:9)
  3 steam dragons
  A basilisk (D:9)
  Eustachio (D:4)
  Duvessa (D:7)
  An ice beast (D:7)
  A black bear (D:9)
  11 orc warriors
  2 centaurs (D:7)
  2 phantoms
  3 bullfrogs
  3 scorpions
  2 gnoll sergeants
  Dowan (D:7)
  11 killer bees
  2 jellies
  2 hounds
  2 orc priests
  An iguana (D:4)
  7 orc wizards
  11 gnolls
  6 adders
  2 white imps
  2 ufetubi (D:5)
  4 worms
  A dart slug (D:1)
  52 orcs
  5 endoplasms
  3 giant cockroaches
  3 goblins
  6 hobgoblins
  A quokka (D:4)
  2 ball pythons
  5 bats
  5 frilled lizards
  6 kobolds
  6 rats
  A fulminant prism (Bailey)
183 creatures vanquished.

Vanquished Creatures (others)
  55 fulminant prisms
  17 plants
72 creatures vanquished.

Grand Total: 255 creatures vanquished

Notes
Turn   | Place    | Note
-------+----------+-------------------------------------------
     0 | D:1      | KamiKatze the Octopode Conjurer began the quest for the
                  | Orb.
     0 | D:1      | Reached XP level 1. HP: 11/11 MP: 3/3
   209 | D:1      | Reached XP level 2. HP: 17/17 MP: 0/5
   444 | D:2      | Found a faded altar of an unknown god.
   832 | D:2      | Learned a level 2 spell: Searing Ray
   847 | D:2      | Reached XP level 3. HP: 18/21 MP: 2/6
  1038 | D:2      | Reached skill level 1 in Hexes
  1038 | D:2      | Reached skill level 1 in Translocations
  1038 | D:2      | Reached XP level 4. HP: 27/27 MP: 2/7
  1996 | D:3      | Reached skill level 3 in Spellcasting
  1996 | D:3      | Reached XP level 5. HP: 31/31 MP: 0/9
  2232 | D:3      | Found Ypong's Assorted Antiques.
  2238 | D:3      | Bought a scroll labelled MUIRYRROHU for 23 gold pieces
  2238 | D:3      | Bought a scroll labelled LER EREMASIST for 23 gold pieces
  2238 | D:3      | Bought a scroll labelled WAEVUO CUWOENI for 23 gold pieces
  2377 | D:3      | You are sucked into a shaft and drop 1 floor!
  2399 | D:4      | Found an iron altar of Okawaru.
  2399 | D:4      | Found a radiant altar of Vehumet.
  2399 | D:4      | Found a sparkling altar of Nemelex Xobeh.
  2497 | D:4      | Learned a level 4 spell: Fulminant Prism
  2546 | D:4      | Became a worshipper of Vehumet
  2745 | D:4      | Reached XP level 6. HP: 25/36 MP: 2/11
  2996 | D:4      | Learned a level 4 spell: Iskenderun's Mystic Blast
  3083 | D:4      | Noticed Eustachio
  3574 | D:4      | Killed Eustachio
  3609 | D:5      | Entered Level 5 of the Dungeon
  3677 | D:5      | Found a staircase to the Ecumenical Temple.
  3687 | D:5      | Got the Parchment of Fetid Hurting
  3690 | Temple   | Entered the Ecumenical Temple
  3818 | D:5      | Reached skill level 4 in Spellcasting
  3865 | D:5      | Reached XP level 7. HP: 38/41 MP: 10/13
  4511 | D:6      | Reached skill level 5 in Conjurations
  4609 | D:5      | Reached * piety under Vehumet
  4609 | D:5      | Offered knowledge of Sandblast by Vehumet.
  4943 | D:6      | Reached skill level 5 in Spellcasting
  5018 | D:6      | Reached XP level 8. HP: 46/46 MP: 10/15
  5810 | D:7      | Found Okkav's Book Shop.
  5848 | D:7      | Found a flagged portal.
  5857 | Bailey   | Entered a bailey
  5865 | Bailey   | Learned a level 5 spell: Fireball
  6004 | Bailey   | Reached skill level 1 in Fire Magic
  6154 | Bailey   | Reached skill level 8 in Spellcasting
  6154 | Bailey   | Reached skill level 5 in Hexes
  6154 | Bailey   | Reached skill level 5 in Translocations
  6154 | Bailey   | Reached XP level 9. HP: 51/51 MP: 16/21
  6155 | Bailey   | Reached skill level 9 in Spellcasting
  6155 | Bailey   | Reached XP level 10. HP: 56/56 MP: 16/23
  6199 | Bailey   | Noticed an orc knight
  6217 | Bailey   | Killed an orc knight
  6600 | D:7      | Noticed Dowan
  6630 | D:7      | Identified the +7 falchion "Wykixokk" {pain, Will+ SInv}
  6724 | D:7      | Reached skill level 1 in Fighting
  7006 | D:7      | Reached ** piety under Vehumet
  7006 | D:7      | Offered knowledge of Scorch by Vehumet.
  7117 | D:7      | Reached XP level 11. HP: 63/63 MP: 22/24
  7720 | D:7      | Noticed Duvessa
  7727 | D:7      | Killed Duvessa
  7728 | D:7      | Killed Dowan
  8078 | D:8      | Found a broken altar of Ashenzari.
  8494 | D:9      | Found a staircase to the Lair.
  8611 | D:9      | Noticed a two-headed ogre
  8617 | D:9      | Killed a two-headed ogre
  8752 | D:9      | Reached skill level 5 in Stealth
  8913 | D:9      | Offered knowledge of Ignite Poison by Vehumet.
  8914 | D:9      | Noticed a cyclops
  8999 | D:9      | Killed a cyclops
  9301 | D:9      | Identified the ring "Mour" {rPois rN+ Slay-4 SInv Stlth+}
  9430 | D:9      | Reached skill level 10 in Spellcasting
  9631 | D:9      | Identified the ring "Vodog" {rElec rC+ Will+ Slay+2 Stlth+}
  9631 | D:9      | Noticed a centaur warrior
  9634 | D:9      | Shot with an arrow by a centaur warrior

Illustrated notes

Levels and vault maps discovered:
D:1:      tarquinn_simple_flora_water_f, layout_basic
D:2:      layout_basic, nicolae_ecumenical_oubliette, minmay_misc_feat_ornament
D:3:      layout_loops_ring, serial_shops, shop, hangedman_decor_peaks_small
D:4:      layout_basic, gammafunk_temple_overflow_claw, uniq_eustachio
D:5:      layout_loops_ring, minmay_temple_entry_offerings
D:6:      layout_basic, wad_woods_river_04
D:7:      layout_basic, enter_bailey_8, serial_shops, nicolae_shop_crystal,
          corexii_leaking_fountain, uniq_duvessa
D:8:      layout_basic, mainiacjoe_overflow_catwalk, minmay_misc_feat_five
D:9:      minmay_the_grid_triangle_9x9_recursive_2_mashed
          [minmay_the_grid_triangle_9x9_prize_special,
          minmay_the_grid_triangle_9x9_pentomino_pain,
          minmay_the_grid_triangle_9x9_cache,
          minmay_the_grid_triangle_9x9_empty], layout_basic, david_lair_generic,
          minmay_crystal_water, eino_tiny_chamber
Temple:   nicolae_temple_no_exploring_needed

Skill      XL: |  1  2  3  4  5  6  7  8  9 10 11 |
---------------+----------------------------------+-----
Stealth        | 3 4 5 |  5.3
Hexes          | 1 2 3 5 6 7 |  7.3
Translocations | 1 2 3 5 6 7 |  7.3
Spellcasting   | 3 4 5 8 9 10 | 10.0
Dodging        | 3 |  3.9
Conjurations   | 5 7 8 |  8.5
Fire Magic     | 6 8 |  8.7
Fighting       | 1 2 |  2.3

Action                   |  1- 3 |  4- 6 |  7- 9 | 10-12 || total
-------------------------+-------+-------+-------+-------++-------
Melee: Trident           |    23 |    42 |     3 |       ||    68
       Unarmed           |     3 |       |       |       ||     3
       Constrict         |     7 |     4 |     2 |       ||    13
       Tentacles         |     7 |       |     2 |     1 ||    10
       Punch             |       |     1 |       |       ||     1
       Falchion          |       |       |       |     3 ||     3
Throw: Dart              |       |     3 |       |       ||     3
 Cast: Magic Dart        |    26 |    64 |    36 |    30 ||   156
       Searing Ray       |     1 |    16 |     8 |    12 ||    37
       Fulminant Prism   |       |       |    12 |    44 ||    56
       Iskenderun's Myst |       |       |     2 |    23 ||    25
       Fireball          |       |       |       |    15 ||    15
  Use: Scroll            |       |    12 |     7 |     2 ||    21
       Potion            |       |     2 |     3 |     1 ||     6
 Stab: Sleeping          |     2 |     3 |       |       ||     5
Armor: Skin              |     1 |     4 |     1 |     2 ||     8
Dodge: Dodged            |     7 |    40 |     5 |    23 ||    75
